 Dungeon Crawl Stone Soup version 0.19-a0-1740-g0bcaf2e (webtiles) character file.

415 Amnesiac the Digger (level 6, 0/41 HPs)
             Began as a Vampire Earth Elementalist on Oct 1, 2016.
             Killed by divine providence
             ... invoked by an orc priest
              (10 damage)
             ... on level 5 of the Dungeon.
             The game lasted 00:14:01 (5956 turns).

Amnesiac the Digger (Vampire Earth Elementalist)    Turns: 5956, Time: 00:14:02

Health: 0/41       AC:  0    Str:  7    XL:     6   Next: 60%
Magic:  0/10       EV: 20    Int: 18    God:
Gold:   78         SH:  0    Dex: 21    Spells: 3 memorised, 4 levels left

rFire  . . .     SeeInvis +     (weapon currently unavailable)
rCold  + . .     Gourm    .     (armour currently unavailable)
rNeg   + + .     Faith    .     (shield currently unavailable)
rPois  +         Spirit   .     (helmet currently unavailable)
rElec  .         Dismiss  .     (cloak currently unavailable)
rCorr  .         Reflect  .     (gloves currently unavailable)
MR     .....     Harm     .     (boots currently unavailable)
Stlth  ++++......               (no amulet)
                                (ring currently unavailable)
                                (ring currently unavailable)

@: bat-form, flying, very slightly contaminated, regenerating slowly, very quick
A: fangs 3, see invisible, (unbreathing)
a: End Transformation


You were on level 5 of the Dungeon.
You were very thirsty.
You were in vampire-bat-form.
You visited 1 branch of the dungeon, and saw 5 of its levels.

You collected 78 gold pieces.

Inventory:

Hand Weapons
 n - a +0 dagger of flaming
Armour
 c - a +0 robe (melded)
Jewellery
 b - a ring of protection from magic (melded)
Wands
 g - a wand of disintegration (13/24)
 h - a wand of lightning (6/15)
Scrolls
 k - a scroll of immolation
Potions
 d - 2 potions of blood
 i - a potion of resistance {unknown}
 l - 3 potions of brilliance
Books
 a - a book of Misfortune

   Spells                             Type                      Level
   a - Confusing Touch                Hexes                        1
   b - Confuse                        Hexes                        3
   c - Gell's Gravitas                Hexes/Translocation          3
   d - Petrify                        Transmutation/Earth          4
   e - Metabolic Englaciation         Hexes/Ice                    5
   f - Yara's Violent Unravelling     Hexes/Transmutation          5
 e - a book of Geomancy

   Spells                             Type                      Level
   a - Sandblast                      Earth                        1
   b - Passwall                       Transmutation/Earth          2
   c - Stone Arrow                    Conjuration/Earth            3
   d - Petrify                        Transmutation/Earth          4
   e - Lee's Rapid Deconstruction     Earth                        5


   Skills:
 - Level 2.2 Short Blades
 - Level 2.1 Dodging
 - Level 4.1 Stealth
 - Level 3.0 Spellcasting
 - Level 4.5 Transmutations
 + Level 4.8 Earth Magic


You had 4 spell levels left.
You knew the following spells:

 Your Spells              Type           Power        Failure   Level  Hunger
e - Petrify               Tmut/Erth      ###.....     28%         4    ####...
f - Sandblast             Erth           ###...       1%          1    None
v - Passwall              Tmut/Erth      ###.......   4%          2    ##.....


Dungeon Overview and Level Annotations

Branches:
Dungeon (5/15)
 Temple: D:4-7

Altars:
Dithmenos
Makhleb
Nemelex Xobeh
Ru


Innate Abilities, Weirdness & Mutations

You heal slowly.
You have razor-sharp teeth.
You have supernaturally acute eyesight. (SInv)
((You can survive without breathing.))


Message History

Aiming: Sandblast
Press: ? - help, Shift-Dir - straight line, f/p - orc
Aim: an orc, wielding a flail and wearing a chain mail (severely wounded)
The rocky blast misses the orc.
You are now empty-handed.
Unknown command.
Casting: Sandblast
Confirm with . or Enter, or press ? or * to list all spells.
Aiming: Sandblast
Press: ? - help, Shift-Dir - straight line, f/p - orc
Aim: an orc, wielding a flail and wearing a chain mail (severely wounded)
The blast of sand hits the orc.
The orc is severely wounded.
The orc barely misses you.
Unknown command.
You turn into a vampire bat.
Your +0 robe melds into your body.
Your ring of protection from magic melds into your body.
The orc misses you.
The orc priest mumbles some strange prayers to Beogh against you.
Beogh smites you!
You die...

#####...... .......<)o.
..o....# ###########
##.##.. ....# #...#
#...# ### #...#
#..####### #...#
#........#######b#####.
##..####....o..........#
##.# #########.....###
#.## ...##.... #..##
#.## ### ##..# ..#
##.### ... #...# #.#
###.# .#


You could see an orc priest and an orc.

Vanquished Creatures
  2 howler monkeys (D:5)
  2 orc priests
  A gnoll shaman (D:4)
  2 orc wizards (D:4)
  Natasha (thrice) (D:3)
  An iguana (D:4)
  A gnoll (D:4)
  4 adders
  An ooze (D:2)
  A worm (D:4)
  4 dart slugs
  2 leopard geckos
  12 orcs
  A ball python (D:2)
  A bat (D:2)
  2 giant cockroaches
  2 goblins
  4 jackals (D:1)
  4 frilled lizards
  3 kobolds
53 creatures vanquished.

Vanquished Creatures (others)
  An orc (D:4)
1 creature vanquished.

Grand Total: 54 creatures vanquished

Notes
Turn   | Place    | Note
-------+----------+-------------------------------------------
     0 | D:1      | Amnesiac the Vampire Earth Elementalist began the quest for the Orb.
     0 | D:1      | Reached XP level 1. HP: 13/13 MP: 3/3
   117 | D:1      | Reached XP level 2. HP: 2/19 MP: 0/5
   447 | D:1      | Learned a level 2 spell: Passwall
   509 | D:2      | Found a burning altar of Makhleb.
   650 | D:2      | Reached skill level 1 in Short Blades
   695 | D:2      | Reached XP level 3. HP: 24/24 MP: 2/6
   795 | D:3      | Reached XP level 4. HP: 8/30 MP: 3/7
   801 | D:3      | Learned a level 4 spell: Petrify
  1027 | D:4      | HP: 1/30 [orc priest/nerve-wracking pain (3)]
  1030 | D:4      | Found a sparkling altar of Nemelex Xobeh.
  1629 | D:3      | Noticed Natasha
  1637 | D:3      | Killed Natasha
  1724 | D:3      | Noticed Natasha
  1730 | D:3      | Killed Natasha
  2057 | D:3      | Noticed Natasha
  2061 | D:3      | Killed Natasha
  2061 | D:3      | Reached XP level 5. HP: 35/35 MP: 5/8
  2268 | D:5      | Entered Level 5 of the Dungeon
  2836 | D:4      | Found a shadowy altar of Dithmenos.
  3747 | D:4      | Reached XP level 6. HP: 41/41 MP: 5/10
  4771 | D:4      | Found a sacrificial altar of Ru.
  5285 | D:4      | HP: 2/41 [something (11)]
  5956 | D:5      | Killed from afar by an orc priest

Vault maps used:
D:1:      kennysheep_arrival_forest
D:2:      lemuel_round_altar, marbit_many_paths
D:3:      first_bread, uniq_natasha
D:4:      grunt_dithmenos_smoke_and_mirrors, kennysheep_mini_moat,
          nemelex_xobeh_ov_fountains_minmay
D:5:      zin_treasury

Skill      XL: |  1  2  3  4  5 |
---------------+----------------+-----
Stealth        | 4 |  4.1
Short Blades   | 2 |  2.2
Transmutations | 2 3 4 |  4.5
Earth Magic    | 4 |  4.8
Spellcasting   | 3 |  3.0
Dodging        | |  2.1

Action                   |  1- 3 |  4- 6 || total
-------------------------+-------+-------++-------
Melee: Dagger            |    10 |    56 ||    66
       Bite              |     1 |    21 ||    22
       Short sword       |       |    64 ||    64
       Unarmed           |       |    17 ||    17
 Cast: Sandblast         |    23 |    35 ||    58
       Petrify           |       |    28 ||    28
       Passwall          |       |     7 ||     7
 Abil: Bat Form          |       |    11 ||    11
       End Transformatio |       |    10 ||    10
  Use: Potion            |       |    14 ||    14
       Scroll            |       |     8 ||     8
 Stab: Sleeping          |     2 |     4 ||     6
       Petrified         |       |    24 ||    24
       Invisible         |       |     2 ||     2
       Petrifying        |       |     5 ||     5
Armor: Robe              |     3 |    11 ||    14
Dodge: Dodged            |    17 |   125 ||   142
